Map: Ulrena

Players

SectorClear

  • Race: Terran Terran
  • League: Diamond

GeneralReddy - Winner!

  • Race: Terran Terran
  • League: Diamond

VOD

Have the link to the VOD?

Description

Time

  • Played on: Dec. 15, 2015, 4:38 p.m.
  • Length: 5:13
Show
View Real Time Build Order
Export as new Build Order

SectorClear Terran 

Build Orders: Reaper Expand 

Get SALT Encoding   

  12  0:01  SCV  
  13  0:13  SCV  
  14  0:19  Supply Depot  
  14  0:25  SCV  
  15  0:40  SCV  
  15  0:41  Barracks  
  16  0:46  Refinery  
  16  0:52  SCV  
  17  1:05  SCV  
  18  1:17  SCV  
  19  1:31  Reaper  
  20  1:34  Orbital Command  
  20  1:39  Supply Depot  
  20  1:54  Command Center  
  20  2:00  SCV  
  21  2:03  Reaper  
  22  2:14  SCV, Refinery  
  23  2:27  SCV, Factory  
  24  2:40  SCV  
  24  2:44  Barracks Reactor  
  25  2:58  SCV  
  26  3:13  Starport, Orbital Command  
  26  3:16  Factory Tech Lab  
  26  3:19  SCV  
  27  3:24  Marine  
  27  3:25  Marine  
  27  3:36  Siege Tank  
  27  3:39  Orbital Command  
  30  3:43  Marine x2  
  30  3:45  SCV  
  33  3:52  Viking  
  35  3:56  Barracks  
  35  3:58  Barracks  
  35  4:01  SCV  
  36  4:02  Supply Depot  
  36  4:06  SCV  
  37  4:12  Siege Tank  
  37  4:13  Marine x2  
  42  4:17  SCV  
  42  4:21  SCV  
  25  4:39  Marine x2  
  16  4:48  Marine  
  16  4:49  Marine  
  18  4:53  SCV x2  
Show
View Real Time Build Order
Export as new Build Order

GeneralReddy Terran - Winner!

Build Orders: 1/1/1 

Get SALT Encoding   

  12  0:00  SCV  
  13  0:12  SCV  
  14  0:18  Supply Depot  
  14  0:25  SCV  
  14  0:28  Refinery  
  15  0:40  SCV  
  16  0:46  Barracks  
  16  0:53  SCV  
  17  1:00  Refinery  
  17  1:05  SCV  
  18  1:17  SCV  
  19  1:30  SCV  
  20  1:35  Barracks Reactor  
  20  1:37  Factory  
  20  1:46  Orbital Command  
  20  1:58  Supply Depot  
  20  2:12  SCV  
  20  2:13  Marine x2  
  23  2:23  Starport  
  23  2:26  Factory Tech Lab  
  23  2:30  SCV  
  23  2:35  Marine  
  23  2:36  Marine  
  26  2:42  Supply Depot  
  26  2:50  Siege Tank  
  29  2:59  Marine x2  
  29  3:04  Medivac  
  33  3:13  SCV  
  33  3:15  Supply Depot  
  34  3:25  Siege Tank  
  37  3:32  Marine x2  
  39  3:37  Medivac  
  39  3:39  SCV  
  42  3:43  Supply Depot  
  42  3:51  SCV  
  43  3:57  Marine x2  
  45  4:05  Siege Tank  
  45  4:07  Supply Depot  
  48  4:12  Medivac  
  48  4:14  Marine  
  48  4:15  Marine  
  52  4:17  SCV  
  53  4:38  Marine x2  
  46  4:39  Siege Tank  
  51  4:47  SCV  
  50  4:59  SCV  
Tags
 
Add a new tag
Caveats
  • Supply blocks, unpowered buildings, or Contaminate may cause inaccurate times.
  • Supply counts are checked every 10 seconds.